 Dungeon Crawl Stone Soup version 0.27.0-66-gdc8fb28755 (webtiles) character file.

Game seed: 16876489604561712026

3182 pkoi the Grappler (level 9, -4/80 HPs)
             Began as a Troll Fighter on Aug 19, 2021.
             Was an Elder of Dithmenos.
             Slain by a basilisk (9 damage)
             ... while petrified by a basilisk
             ... on level 7 of the Dungeon.
             The game lasted 00:08:46 (5361 turns).

pkoi the Grappler (Troll Fighter)                   Turns: 5361, Time: 00:08:47

Health: -4/80      AC:  4    Str: 27    XL:     9   Next: 64%
Magic:  8/8        EV:  1    Int:  6    God:    Dithmenos [****..]
Gold:   1174       SH:  0    Dex:  9    Spells: 8/8 levels left

rFire    . . .     SeeInvis .     - Unarmed
rCold    . . .     Faith    .   b - +1 kite shield
rNeg     + + +     Spirit   .   a - +0 robe
rPois    ∞         Reflect  .   (helmet restricted)
rElec    .         Harm     .   (no cloak)
rCorr    .         Rampage  .   (gloves unavailable)
Will     .....                  (boots unavailable)
Stlth    ++++......             (no amulet)
HPRegen  1.23/turn              (no ring)
MPRegen  0.11/turn              (no ring)

@: petrified, wreathed by umbra, studying Stealth
A: large, unfitting armour, claws 3, regeneration 1, shaggy fur 1, tough skin 1
a: Renounce Religion, Shadow Step


You were on level 7 of the Dungeon.
You worshipped Dithmenos.
Dithmenos was greatly pleased with you.
You visited 1 branch of the dungeon, and saw 7 of its levels.
You also visited: Sewer and Ossuary.

You collected 1174 gold pieces.

Inventory:

Missiles
 q - 8 boomerangs
 s - 2 javelins
 y - 7 large rocks (quivered)
Armour
 a - a +0 robe (worn)
 b - a +1 kite shield (worn)
Jewellery
 w - a ring of fire
Wands
 f - a wand of iceblast (10)
 v - a wand of acid (9)
Scrolls
 e - a scroll of identify
 h - 4 scrolls of immolation
 i - 6 scrolls of teleportation
 j - a scroll of fear
 n - a scroll of enchant weapon
 u - 2 scrolls of blinking
 z - 2 scrolls of enchant armour
Potions
 c - a potion of might
 d - 2 potions of heal wounds
 g - 6 potions of curing
 k - 6 potions of lignification
 l - 2 potions of magic
 m - 3 potions of flight
 o - 4 potions of invisibility
 p - 5 potions of mutation
 r - a potion of cancellation
 t - a potion of haste
 x - 2 potions of berserk rage


   Skills:
 - Level 2.4 Fighting
 + Level 4.2 Dodging
 + Level 5.8 Stealth
 + Level 6.4 Shields
 + Level 9.0 Unarmed Combat


You had 8 spell levels left.
You didn't know any spells.
Your spell library contained the following spells:

 Spells                   Type           Power      Damage    Failure   Level
 Beastly Appendage        Tmut           0%         N/A       65%         1
 Corpse Rot               Necr/Air       N/A        N/A       78%         2
 Slow                     Hex            0%         N/A       78%         2
 Wereblood                Tmut           0%         N/A       78%         2
 Call Canine Familiar     Summ           0%         N/A       95%         3
 Confusing Touch          Hex            0%         N/A       95%         3
 Portal Projectile        Hex/Tloc       0%         N/A       95%         3
 Spider Form              Tmut/Pois      0%         N/A       95%         3
 Dispel Undead            Necr           0%         3d6       100%        4
 Leda's Liquefaction      Hex/Erth       0%         N/A       100%        4
 Yara's Violent Unravell  Hex/Tmut       0%         3d3       100%        5
 Death Channel            Necr           0%         N/A       100%        6


Dungeon Overview and Level Annotations

Branches:
Dungeon (7/15)             Temple (0/1) D:4           Sewer (visited)
Ossuary (visited)

Altars:
Cheibriados
Dithmenos
Hepliaklqana
The Shining One

Shops:
D:1 (   D:3 *


Innate Abilities, Weirdness & Mutations

You are too large for most types of armour.
You have claws for hands.
Your natural rate of healing is unusually fast.
You are covered in fur. (AC +1)
You have tough skin. (AC +1)


Message History

a +0 robe; a +5 battleaxe Unknown command.
Unknown command.
The water moccasin bites you. The orc warrior barely misses you.
The basilisk bites you! The water moccasin bites you.
The orc warrior completely misses you. The basilisk gazes at you.
You resist with some effort.
You have turned to stone.
The water moccasin bites you!
The orc warrior hits you with a +0 flail!
The basilisk gazes at you. You resist with some effort.
The water moccasin bites you! The water moccasin bites you.
The orc warrior hits you with a +0 flail!
The basilisk gazes at you.
The water moccasin bites you but does no damage.
The orc warrior hits you with a +0 flail.
The basilisk bites you. The water moccasin bites you. x2
The orc warrior hits you with a +0 flail!!
The basilisk gazes at you. You resist with some effort.
The water moccasin bites you.
The orc warrior hits you with a +0 flail!
* * * LOW HITPOINT WARNING * * *
The basilisk bites you.
* * * LOW HITPOINT WARNING * * *
The water moccasin bites you.
* * * LOW HITPOINT WARNING * * *
The orc warrior hits you with a +0 flail!
* * * LOW HITPOINT WARNING * * *
The basilisk bites you.
* * * LOW HITPOINT WARNING * * *
The water moccasin bites you. The water moccasin bites you.
* * * LOW HITPOINT WARNING * * *
The orc warrior hits you with a +0 flail!
* * * LOW HITPOINT WARNING * * *
The basilisk bites you!!
You die...

#.###.#...###...
.#.....#.#(Z.#
.#.....#.....# #
#......###Z### #.
#.....##o....##
#.###....##.#####.##
#.......##l#.....#.#
#..(..S.#.#..###..#.#
#....@o.#.#.#...#.#.#
#(..[.l...#.#.#.#.# .
#####[..#.#.#...#.#
#. #.).#.#..###..# .
##..##.#. .#.
#...##.# #.# #.#..##.
## #.##..### #.# #...


You could see a basilisk, an orc warrior and a water moccasin.

Vanquished Creatures
  A komodo dragon (D:6)
  A steam dragon (D:6)
  Duvessa (D:4)
  A black bear (D:6)
  3 ogres
  A phantom (D:7)
  A centaur (D:7)
  Blork the orc (D:4)
  An elf zombie (D:4)
  2 kobold brigands
  A bullfrog (D:7)
  A wyvern zombie (D:6)
  7 scorpions
  4 elf skeletons (D:4)
  A gnoll sergeant (D:5)
  A water moccasin zombie (D:6)
  Dowan (D:4)
  4 wights (D:7)
  A centaur zombie (Ossuary)
  A howler monkey (D:6)
  A hound (D:4)
  2 human zombies (Ossuary)
  A bullfrog skeleton (D:4)
  2 orc priests
  Ijyb (D:5)
  A human skeleton (D:4)
  3 orc wizards
  4 mummies (Ossuary)
  4 gnolls (D:5)
  10 adders
  2 river rats
  2 white imps
  6 worms (D:3)
  4 dart slugs
  13 orcs
  11 ball pythons
  8 endoplasms
  2 giant cockroaches
  17 goblins
  10 hobgoblins
  17 jackals
  11 kobolds
  5 quokkas
  5 bats
  A hobgoblin zombie (Ossuary)
  A kobold zombie (Ossuary)
  An orc skeleton (D:4)
  4 orc zombies
  6 rats
190 creatures vanquished.

Vanquished Creatures (collateral kills)
  An elf skeleton (D:4)
  A human zombie (D:4)
  A human skeleton (D:4)
3 creatures vanquished.

Vanquished Creatures (others)
  A plant (D:1)
1 creature vanquished.

Grand Total: 194 creatures vanquished

Notes
Turn   | Place    | Note
-------+----------+-------------------------------------------
     0 | D:1      | pkoi the Troll Fighter began the quest for the Orb.
     0 | D:1      | Reached XP level 1. HP: 22/22 MP: 0/0
    89 | D:1      | Reached XP level 2. HP: 25/29 MP: 1/1
   154 | D:1      | Reached skill level 3 in Unarmed Combat
   217 | D:1      | Found Qicomikk's Antique Weapon Boutique.
   365 | D:1      | Reached XP level 3. HP: 33/36 MP: 2/2
   544 | D:2      | Found a faded altar of an unknown god.
   566 | D:2      | Became a worshipper of Dithmenos the Shadowed
   566 | D:2      | Reached * piety under Dithmenos
   827 | D:2      | Reached skill level 4 in Unarmed Combat
   915 | D:2      | Reached XP level 4. HP: 41/44 MP: 3/3
  1194 | D:2      | Reached ** piety under Dithmenos
  1325 | D:3      | Reached skill level 5 in Unarmed Combat
  1327 | D:3      | Reached XP level 5. HP: 50/50 MP: 4/4
  1599 | D:3      | Found a glowing drain.
  1617 | Sewer    | Entered a sewer
  1683 | Sewer    | Reached skill level 6 in Unarmed Combat
  1683 | Sewer    | Reached XP level 6. HP: 52/59 MP: 5/5
  1705 | Sewer    | Found a white marble altar of Elyvilon.
  2066 | D:3      | Found Ovvy's Assorted Antiques.
  2404 | D:4      | Identified 2 scrolls of acquirement
  2404 | D:4      | Acquired a manual of Stealth
  2408 | D:4      | Acquired 874 gold pieces
  2433 | D:4      | Found a staircase to the Ecumenical Temple.
  2596 | D:4      | Reached skill level 1 in Stealth
  2613 | D:4      | Found a glowing golden altar of the Shining One.
  2734 | D:4      | Noticed Duvessa
  2735 | D:4      | Noticed Dowan
  2743 | D:4      | Killed Duvessa
  2744 | D:4      | Reached XP level 7. HP: 49/66 MP: 6/6
  2749 | D:4      | Killed Dowan
  2783 | D:4      | Reached *** piety under Dithmenos
  2917 | D:4      | Noticed Blork the orc
  2927 | D:4      | Killed Blork the orc
  3014 | D:4      | Reached skill level 7 in Unarmed Combat
  3022 | D:4      | Found a sand-covered staircase.
  3034 | Ossuary  | Entered an ossuary
  3207 | Ossuary  | Reached XP level 8. HP: 74/74 MP: 7/7
  3335 | D:4      | Reached skill level 5 in Shields
  3543 | D:5      | Entered Level 5 of the Dungeon
  3617 | D:5      | Noticed Ijyb
  3626 | D:5      | Killed Ijyb
  3825 | D:5      | Reached skill level 8 in Unarmed Combat
  3980 | D:5      | Found a snail-covered altar of Cheibriados.
  4299 | D:6      | Reached **** piety under Dithmenos
  4525 | D:5      | Reached XP level 9. HP: 13/80 MP: 8/8
  4712 | D:6      | Reached skill level 5 in Stealth
  4728 | D:6      | Found a hazy altar of Hepliaklqana.
  5242 | D:7      | Noticed a komodo dragon
  5247 | D:7      | Noticed a manticore
  5251 | D:7      | Noticed a manticore
  5299 | D:6      | Killed a komodo dragon
  5300 | D:6      | Reached skill level 9 in Unarmed Combat
  5361 | D:7      | Slain by a basilisk

Illustrated notes

Levels and vault maps discovered:
D:1:      kennysheep_arrival_seaside, layout_rooms, serial_shops,
          nicolae_shop_overgrown_old_shop, minmay_close_crescents
D:2:      layout_loops_cross, hellmonk_ecumenical_altar_lost_god,
          minmay_misc_feat_cross, minmay_misc_feat_five,
          kennysheep_generic_room_4
D:3:      layout_basic, serial_shops, nicolae_shop_waterfront,
          lightli_sewer_entry_pipes
D:4:      cheibrodos_pilgrimage, layout_basic, nicolae_overflow_crystal_walls,
          minmay_temple_entry_statues_fountains,
          nicolae_ossuary_entry_catacombs, uniq_blork_the_orc, uniq_duvessa
D:5:      layout_loops_ring, marbit_many_paths, uniq_ijyb
D:6:      layout_rooms, nzn_hepliaklqana_mist_gate, st_stairs_3,
          minmay_ogre_servants
D:7:      minmay_the_grid_octo_tiled_octocenter [minmay_the_grid_octo_horde,
          minmay_the_grid_octo_checkerflower, minmay_the_grid_octo_odd_swirl,
          minmay_the_grid_octo_concentric,
          minmay_the_grid_octo_prize_ultimate_mussel_roller,
          minmay_the_grid_square_5x5_plus,
          minmay_the_grid_square_5x5_misaligned,
          minmay_the_grid_square_5x5_pentomino_r,
          minmay_the_grid_square_5x5_trominoes], layout_loops_ring,
          ebering_ghost_rock_garden, uniq_maggie

Skill      XL: |  1  2  3  4  5  6  7  8  9 |
---------------+----------------------------+-----
Unarmed Combat | 3 4 5 6 7 8 9 |  9.0
Shields        | 3 4 5 6 |  6.4
Stealth        | 1 3 4 5 |  5.8
Dodging        | 3 4 |  4.2
Fighting       | |  2.4

Action                   |  1- 3 |  4- 6 |  7- 9 || total
-------------------------+-------+-------+-------++-------
Melee: Unarmed           |   117 |   200 |   313 ||   630
  Use: Scroll            |       |     8 |     7 ||    15
       Potion            |       |       |     1 ||     1
 Stab: Sleeping          |       |     1 |    11 ||    12
       Distracted        |       |       |     2 ||     2
Armor: Robe              |    39 |    37 |    44 ||   120
Dodge: Dodged            |    32 |    70 |    84 ||   186
Block: Kite shield       |    62 |    71 |   149 ||   282
